 Dungeon Crawl Stone Soup version 0.26-a0-712-ga5a9c9c9d0 (webtiles) character file.

Game seed: 5078515108156778903

8 Azzok the Chopper (level 2, 21/24 HPs)
             Began as a Demonspawn Berserker on Nov 5, 2020.
             Was a Follower of Trog.
             Quit the game on level 1 of the Dungeon.
             The game lasted 00:00:13 (129 turns).

Azzok the Chopper (Demonspawn Berserker)             Turns: 129, Time: 00:00:14

Health: 21/24      AC:  2    Str: 17    XL:     2   Next: 0%
Magic:  2/2        EV: 12    Int:  8    God:    Trog [*.....]
Gold:   8          SH:  0    Dex: 12    Spells: 1/1 levels left

rFire    . . .     SeeInvis .   a - +0 hand axe
rCold    . . .     Faith    .   (no shield)
rNeg     . . .     Spirit   .   b - +0 animal skin
rPois    .         Reflect  .   (no helmet)
rElec    .         Harm     .   (no cloak)
rCorr    .         Rampage  .   (no gloves)
MR       .....                  (no boots)
Stlth    +.........             (no amulet)
HPRegen  0.08/turn              (no ring)
MPRegen  0.08/turn              (no ring)

@: no status effects
A: demonic guardian 1
a: Berserk, Renounce Religion


You were on level 1 of the Dungeon.
You worshipped Trog.
Trog was aware of your devotion.
You visited 1 branch of the dungeon, and saw 1 of its levels.

You collected 8 gold pieces.

Inventory:

Hand Weapons
 a - a +0 hand axe (weapon)
Armour
 b - a +0 animal skin (worn)
Scrolls
 d - a scroll of fog {unknown}
Potions
 c - a potion of curing {unknown}
 e - a potion of brilliance {unknown}


   Skills:
 - Level 3.0 Fighting
 + Level 3.2 Axes
 - Level 1.7 Armour
 - Level 1.7 Dodging


You had one spell level left.
You didn't know any spells.
Your spell library was empty.

Dungeon Overview and Level Annotations

Branches:
Dungeon (1/15)

Altars:


Innate Abilities, Weirdness & Mutations

A weak demonic guardian rushes to your aid.


Message History

e - a puce potion
Found a stone staircase leading down.
A kobold comes into view.
The kobold shouts!
The kobold throws a stone.
The stone barely misses you.
Found a scale mail.
You see here a stone.
A kobold is nearby!
A bat comes into view.
The kobold throws a stone.
The stone hits you.
You see here a stone.
You miss the bat. The bat closely misses you.
You hit the kobold.
You kill the kobold!
Trog accepts your kill.
You have reached level 2!
Your demonic ancestry asserts itself...
You feel the presence of a demonic guardian.
The bat hits you. The bat barely misses you.
Are you sure you want to abandon this character and quit the game? (Confirm with "yes".)

·· ▒· ▒▒▒ ▒▒▒▒·▒▒▒▒
▒·· ········· ··· ▒ ▒
▒····▒>▒▒▒▒·▒ ·▒▒·▒
▒▒·▒·······▒·▒▒·····
▒▒▒·····▒·▒▒·▒·▒···▒·▒
▒·········▒▒(▒·······▒
·▒·▒▒▒·▒▒▒▒·(@[b·····
▒·▒ ▒▒▒▒·····▒▒
···▒▒▒·▒▒▒▒▒ ▒···▒▒
▒·········▒ ▒·▒▒
·····▒▒·▒▒▒·▒ ·▒ ▒▒▒·
▒·▒▒▒·▒▒▒▒▒··· ▒
▒···········▒▒ ▒▒
▒▒▒▒▒·▒▒▒▒▒▒▒ ··
▒▒▒▒▒▒·▒▒▒▒▒▒▒


You could see a bat.

Vanquished Creatures
  A leopard gecko (D:1)
  A bat (D:1)
  A giant cockroach (D:1)
  A kobold (D:1)
  A frilled lizard (D:1)
  2 rats (D:1)
7 creatures vanquished.

Notes
Turn   | Place    | Note
-------+----------+-------------------------------------------
     0 | D:1      | Azzok the Demonspawn Berserker began the quest for the Orb.
     0 | D:1      | Reached XP level 1. HP: 18/18 MP: 1/1
   128 | D:1      | Gained mutation: A weak demonic guardian rushes to your
                  | aid. [demonic ancestry]
   128 | D:1      | Reached XP level 2. HP: 22/24 MP: 2/2
   129 | D:1      | Quit the game

Illustrated notes

Levels and vault maps discovered:
D:1:      tarquinn_simple_flora_water_e, layout_loops_ring

Skill      XL: |  1 |
---------------+----+-----
Axes           | 3 |  3.2
Fighting       | |  3.0
Armour         | |  1.7
Dodging        | |  1.7

Action                   || total
-------------------------++-------
Melee: Hand axe          ||    16
Armor: Animal skin       ||     4
Dodge: Dodged            ||    11

Table legend: (Time is in decaauts)
 A = Elapsed time spent in this place.
 B = Non-inter-level travel time spent in this place.
 C = Inter-level travel time spent in this place.
 D = Time resting spent in this place.
 E = Time spent auto-exploring this place.
 F = Levels seen in this place.
 G = Mean time per level.
                   A        B        C        D        E       F      G
               +--------+--------+--------+--------+--------+-----+--------+
         Total |    131 |    131 |      0 |      0 |     94 |   1 |  131.0 |
       Dungeon |    131 |    131 |      0 |      0 |     94 |   1 |  131.0 |
               +--------+--------+--------+--------+--------+-----+--------+

Top non-repeatable levels by time:
     D:1: 131 daAuts
